Map: [ESL] Moondance

Players

ArT - Winner!

  • Race: Protoss Protoss
  • Spawn Location: 12:00

milkicow

  • Race: Terran Terran
  • Spawn Location: 6:00

Event: DreamHack SC2 Masters 2022 Atlanta (Online)

VOD

Have the link to the VOD?

Description

Time

  • Played on: Oct. 4, 2022, 11:28 a.m.
  • Length: 7:29

All games in this series

Show
View Real Time Build Order
Export as new Build Order

ArT Protoss - Winner!

Build Orders:  

Get SALT Encoding   

  12  0:00  Probe  
  13  0:12  Probe  
  14  0:21  Pylon  
  14  0:24  Probe  
  15  0:39  Probe  
  15  0:40  Gateway  
  16  0:50  Gateway  
  16  0:54  Probe  
  17  0:59  Assimilator  
  17  1:05  Pylon  
  17  1:09  Probe  
  18  1:21  Probe  
  19  1:28  Cybernetics Core  
  19  1:30  Zealot  
  21  1:37  Zealot  
  23  1:44  Probe  
  23  1:47  Assimilator  
  24  2:03  Stalker (Chrono Boost)  
  24  2:04  Stalker (Chrono Boost)  
  28  2:12  Shield Battery  
  28  2:16  Probe  
  29  2:24  Stalker (Chrono Boost)  
  31  2:35  Pylon  
  29  2:38  Probe  
  28  2:45  Stalker  
  30  2:54  Probe  
  30  2:55  Warp Gate  
  31  3:16  Probe  
  32  3:20  Adept (Chrono Boost), Stalker (Chrono Boost)  
  32  3:30  Probe  
  33  3:42  Probe  
  34  3:57  Probe  
  34  3:59  Nexus  
  35  4:11  Probe  
  35  4:17  Twilight Council  
  34  4:23  Probe  
  33  4:30  Robotics Facility  
  33  4:35  Probe  
  34  4:44  Blink (Chrono Boost)  
  34  4:47  Probe, Stalker  
  37  4:58  Pylon  
  37  5:09  Probe  
  37  5:12  Probe  
  39  5:18  Observer, Stalker  
  42  5:21  Stalker  
  42  5:24  Probe  
  42  5:27  Probe  
  46  5:36  Probe  
  46  5:38  Gateway  
  46  5:39  Probe  
  46  5:41  Observer  
  49  5:48  Probe  
  50  5:51  Probe, Stalker  
  53  5:57  Stalker  
  53  6:00  Probe  
  53  6:03  Probe, Pylon  
  57  6:08  Observer  
  57  6:12  Probe  
  57  6:15  Probe  
  57  6:16  Stalker  
  61  6:22  Stalker  
  61  6:25  Probe  
  64  6:30  Probe  
  64  6:32  Pylon  
  65  6:37  Probe  
  64  6:46  Stalker x2  
  68  6:48  Probe  
  69  6:56  Probe  
  69  7:00  Probe  
  71  7:04  Stalker  
  71  7:06  Nexus  
  71  7:07  Pylon  
  73  7:10  Assimilator  
  73  7:11  Pylon  
  73  7:14  Probe x2  
Show
View Real Time Build Order
Export as new Build Order

milkicow Terran 

Build Orders:  

Get SALT Encoding   

  12  0:00  SCV  
  13  0:12  SCV  
  14  0:17  Supply Depot  
  14  0:24  SCV  
  15  0:38  SCV  
  15  0:40  Barracks  
  16  0:43  Refinery  
  16  0:50  SCV  
  16  0:52  Refinery  
  17  1:03  SCV  
  18  1:15  SCV  
  19  1:27  Reaper, Orbital Command  
  19  1:28  Supply Depot  
  20  1:42  Factory  
  20  1:52  SCV  
  21  1:59  Barracks Reactor  
  21  2:04  SCV  
  22  2:19  Command Center  
  22  2:22  SCV  
  25  2:36  SCV  
  24  2:39  Factory Tech Lab  
  24  2:40  Marine  
  25  2:48  SCV  
  25  2:51  Marine  
  24  3:01  Siege Tank  
  26  3:06  Supply Depot  
  26  3:07  Supply Depot  
  17  3:27  Marine  
  17  3:28  SCV  
  17  3:40  SCV  
  15  3:41  Cyclone  
  18  3:52  SCV  
  19  4:00  Marine  
  20  4:04  SCV  
  21  4:16  SCV  
  21  4:22  Marine  
  22  4:27  Bunker  
  22  4:28  SCV  
  23  4:40  SCV  
  25  4:52  SCV  
  25  4:57  Command Center  
  25  5:00  Barracks Reactor  
  25  5:05  SCV  
  26  5:16  Supply Depot  
  26  5:17  SCV  
  27  5:28  Siege Tank  
  27  5:29  SCV  
  31  5:38  Marine  
  31  5:39  Marine  
  31  5:41  SCV  
  34  5:47  Starport  
  34  5:53  SCV  
  35  5:59  Marine x2  
  35  6:03  Barracks  
  37  6:05  SCV  
  41  6:12  Orbital Command  
  39  6:18  SCV  
  39  6:23  Siege Tank  
  42  6:30  SCV, Marine x2  
  45  6:36  Supply Depot, Orbital Command  
  44  6:42  SCV  
  37  6:54  SCV  
  34  7:02  SCV  
  34  7:06  SCV  
  34  7:07  Factory Tech Lab  
  34  7:08  Marine  
  37  7:09  Marine  
  37  7:14  SCV  
Tags
 
Add a new tag
Caveats
  • Supply blocks, unpowered buildings, or Contaminate may cause inaccurate times.
  • Supply counts are checked every 10 seconds.